 Dungeon Crawl Stone Soup version 0.26-a0-612-gd4d190f (webtiles) character file.

Game seed: 8103060110188013086

571 Hazorath the Ruffian (level 7, -2/44 HPs)
             Began as a Kobold Fighter on Sept 8, 2020.
             Was an Initiate of Okawaru.
             Slain by an ogre
             ... wielding a +0 giant club
              (8 damage)
             ... on level 5 of the Dungeon.
             The game lasted 00:09:55 (6070 turns).

Hazorath the Ruffian (Kobold Fighter)               Turns: 6070, Time: 00:09:55

Health: -2/44      AC: 13    Str: 15    XL:     7   Next: 60%
Magic:  7/7        EV: 10    Int: 10    God:    Okawaru [......]
Gold:   283        SH:  8    Dex: 14    Spells: 6/6 levels left

rFire    . . .     SeeInvis .     - Unarmed
rCold    . . .     Faith    .   b - +2 buckler
rNeg     . . .     Spirit   .   s - +0 plate armour
rPois    .         Reflect  .   (no helmet)
rElec    .         Harm     .   (no cloak)
rCorr    .                      c - +1 pair of gloves
MR       .....                  (no boots)
Stlth    ..........             (no amulet)
HPRegen  0.14/turn              m - +4 ring of evasion
MPRegen  0.10/turn              (no ring)

@: brilliant
A: small, nightstalker 3
a: Renounce Religion


You were on level 5 of the Dungeon.
You worshipped Okawaru.
Okawaru was noncommittal.
You visited 2 branches of the dungeon, and saw 6 of its levels.

You collected 283 gold pieces.

Inventory:

Hand Weapons
 a - a +0 hunting sling
Missiles
 e - 60 poisoned darts (quivered)
 f - 18 bolts
 g - 51 sling bullets
Armour
 b - a +2 buckler (worn)
 c - a +1 pair of gloves (worn)
 s - a +0 plate armour (worn)
Jewellery
 m - a +4 ring of evasion (left hand)
 r - an uncursed ring of fire
Wands
 p - a wand of polymorph (6)
Scrolls
 d - a scroll of immolation {unknown}
 k - 6 scrolls of remove curse
 l - a scroll of magic mapping
 o - 4 scrolls of identify
 q - 4 scrolls of teleportation
Potions
 h - 2 potions of cancellation
 i - a potion of brilliance
 j - 6 potions of curing
 n - a potion of lignification {unknown}


   Skills:
 + Level 5.0 Fighting
 - Level 2.4 Armour
 * Level 4.6 Shields
 * Level 5.1 Unarmed Combat


You had 6 spell levels left.
You didn't know any spells.
Your spell library contained the following spells:

 Spells                   Type           Power        Failure   Level
 Freeze                   Ice            #...         100%        1
 Frozen Ramparts          Ice            #.....       100%        3
 Ozocubu's Armour         Ice            #.......     100%        3
 Hailstorm                Conj/Ice       #.......     100%        4
 Summon Ice Beast         Ice/Summ       #.......     100%        4


Dungeon Overview and Level Annotations

Branches:
Dungeon (5/15)             Temple (1/1) D:4

Altars:
Ashenzari
Cheibriados
Dithmenos
Elyvilon
Fedhas
Gozag
Hepliaklqana
Kikubaaqudgha
Makhleb
Nemelex Xobeh
Okawaru
Qazlal
Ru
Sif Muna
Trog
Uskayaw
Vehumet
Xom
Yredelemnul
Zin
The Shining One

Annotations:
D:1 exclusion: downstairs
D:4 1 runed translucent door, Crazy Yiuf
D:5 Eustachio


Innate Abilities, Weirdness & Mutations

You are small and have problems with some larger weapons.
You are completely attuned to the shadows.


Message History

The ogre is moderately wounded.
The ogre hits you with a +0 giant club!!
* * * LOW HITPOINT WARNING * * *
You are too injured to fight recklessly!
Okay, then.
It was a potion of brilliance.
You feel clever all of a sudden. You block the ogre's attack.
Okay, then.
Evoke which item? (* to show all) (? for menu, Esc to quit)
Aiming: Polymorph
Press: ? - help, Shift-Dir - straight line, f/p - ogre
Aim: an ogre, wielding a +0 giant club (moderately wounded, chance to defeat MR: 46%)
The ogre resists with some effort.
Evoke which item? (* to show all) (? for menu, Esc to quit)
Aiming: Polymorph
Press: ? - help, Shift-Dir - straight line, f/p - ogre
Aim: an ogre, wielding a +0 giant club (moderately wounded, chance to defeat MR: 46%)
The ogre resists with some effort.
The ogre hits you with a +0 giant club!
You die...

#.# #.# #.# #.#
#.# #.# #.#
#############.#
#@O[.(..)))...#
###############


You could see an ogre.

Vanquished Creatures
  An ogre (D:4)
  A bullfrog (D:3)
  A scorpion (D:4)
  An orc priest (D:3)
  2 orc wizards (D:5)
  An iguana (D:4)
  4 worker ants (D:4)
  3 gnolls
  5 adders
  A worm (D:4)
  3 leopard geckos
  7 orcs
  6 giant cockroaches
  5 hobgoblins
  4 jackals
  3 quokkas
  12 bats
  3 frilled lizards (D:2)
  10 goblins
  A jackal skeleton (D:4)
  5 kobolds
  12 rats
91 creatures vanquished.

Notes
Turn   | Place    | Note
-------+----------+-------------------------------------------
     0 | D:1      | Hazorath the Kobold Fighter began the quest for the Orb.
     0 | D:1      | Reached XP level 1. HP: 14/14 MP: 1/1
   318 | D:1      | Reached XP level 2. HP: 15/19 MP: 2/2
  1010 | D:1      | Reached XP level 3. HP: 19/23 MP: 3/3
  1742 | D:1      | HP: 1/24 [gnoll (3)]
  1743 | D:1      | Reached XP level 4. HP: 1/29 MP: 4/4
  2788 | D:2      | Reached XP level 5. HP: 18/33 MP: 5/5
  3192 | D:3      | Noticed a bullfrog
  3246 | D:3      | Killed a bullfrog
  3387 | D:3      | Reached XP level 6. HP: 36/38 MP: 6/6
  4116 | D:4      | Found a staircase to the Ecumenical Temple.
  4122 | Temple   | Entered the Ecumenical Temple
  4454 | Temple   | Became a worshipper of Warmaster Okawaru
  4962 | D:4      | Reached XP level 7. HP: 44/44 MP: 7/7
  5472 | D:4      | Reached skill level 5 in Unarmed Combat
  5636 | D:4      | Found a runed translucent door.
  5639 | D:4      | Noticed Crazy Yiuf
  5950 | D:5      | Entered Level 5 of the Dungeon
  5985 | D:5      | Reached skill level 5 in Fighting
  5998 | D:5      | Got a pitted leather armour
  6009 | D:5      | Identified the +1 leather armour of Vlad {rElec Str+2 Dex-3
                  | SInv} (You found it on level 5 of the Dungeon)
  6040 | D:5      | Noticed Eustachio
  6070 | D:5      | Slain by an ogre

Illustrated notes

Levels and vault maps discovered:
D:1:      nzn_arrival_crosshair, layout_basic
D:2:      layout_loops_ring
D:3:      layout_loops_cross, roderic_st_hans_cross
D:4:      layout_rooms, minmay_temple_entry_statues_fountains,
          ebering_dispersal_statue_hall, minivault_23, dk_noncrumbling_2,
          minmay_cupped, uniq_crazy_yiuf_cottage
D:5:      gammafunk_steamed_eel, layout_basic, uniq_eustachio
Temple:   nicolae_temple_the_god_donut

Skill      XL: |  1  2  3  4  5  6  7 |
---------------+----------------------+-----
Shields        | 3 4 |  4.6
Unarmed Combat | 3 4 5 |  5.1
Fighting       | 4 5 |  5.0
Armour         | |  2.4

Action                   |  1- 3 |  4- 6 |  7- 9 || total
-------------------------+-------+-------+-------++-------
Melee: Unarmed           |   166 |   273 |    84 ||   523
 Fire: Hunting sling     |     2 |     7 |     3 ||    12
Throw: Dart              |       |     1 |     2 ||     3
Evoke: Wand              |       |     1 |     2 ||     3
  Use: Scroll            |     1 |    10 |       ||    11
       Potion            |       |     1 |     1 ||     2
 Stab: Sleeping          |       |     1 |       ||     1
Armor: Scale mail        |    60 |    56 |       ||   116
       Chain mail        |       |    36 |     5 ||    41
       Plate armour      |       |       |    16 ||    16
Dodge: Dodged            |    61 |   116 |    25 ||   202
Block: Buckler           |    57 |   119 |    23 ||   199

Table legend: (Time is in decaauts)
 A = Elapsed time spent in this place.
 B = Non-inter-level travel time spent in this place.
 C = Inter-level travel time spent in this place.
 D = Time resting spent in this place.
 E = Time spent auto-exploring this place.
 F = Levels seen in this place.
 G = Mean time per level.
                   A        B        C        D        E       F      G
               +--------+--------+--------+--------+--------+-----+--------+
         Total |   6057 |   5799 |    258 |   1934 |   2838 |   6 | 1009.5 |
       Dungeon |   5701 |   5494 |    207 |   1934 |   2535 |   5 | 1140.2 |
        Temple |    355 |    304 |     51 |      0 |    303 |   1 |  355.0 |
               +--------+--------+--------+--------+--------+-----+--------+

Top non-repeatable levels by time:
     D:1: 1732 daAuts
     D:4: 1532 daAuts
     D:2: 1264 daAuts
     D:3: 1033 daAuts
  Temple: 355 daAuts
     D:5: 138 daAuts
